 Dungeon Crawl Stone Soup version 0.23.0-2-g0fe3ce5 (webtiles) character file.

Game seed: 4324724660520428292

1825 dengdeng the Chopper (level 8, -6/73 HPs)
             Began as a Minotaur Berserker on Feb 19, 2019.
             Was an Elder of Trog.
             Killed from afar by an electric eel (15 damage)
             ... with a bolt of electricity
             ... on level 6 of the Dungeon.
             The game lasted 00:20:46 (5252 turns).

dengdeng the Chopper (Minotaur Berserker)           Turns: 5252, Time: 00:20:47

Health: -6/73      AC: 10    Str: 27    XL:     8   Next: 86%
Magic:  7/7        EV: 10    Int:  4    God:    Trog [****..]
Gold:   298        SH:  0    Dex: 13    Spells: 7/7 levels left

rFire    . . .     SeeInvis .   t - +4 battleaxe (curse)
rCold    . . .     Gourm    .   (shield currently unavailable)
rNeg     + . .     Faith    .   h - +0 chain mail (curse)
rPois    .         Spirit   .   (helmet restricted)
rElec    .         Reflect  .   (no cloak)
rCorr    .         Harm     .   (no gloves)
MR       .....                  (no boots)
Stlth    ..........             (no amulet)
HPRegen  0.22/turn              b - +4 ring of strength
MPRegen  0.10/turn              p - ring "Cooreanone" {rN+ Dex+2}

@: no status effects
A: retaliatory headbutt, horns 2
a: Berserk, Trog's Hand, Brothers in Arms, Renounce Religion


You were on level 6 of the Dungeon.
You worshipped Trog.
Trog was greatly pleased with you.
You were hungry.

You visited 1 branch of the dungeon, and saw 6 of its levels.

You collected 298 gold pieces.

Inventory:

Hand Weapons
 t - a cursed +4 battleaxe (weapon)
 w - a +0 hand axe of chopping
Missiles
 d - 201 stones (quivered)
Armour
 h - a cursed +0 chain mail (worn)
 v - a +0 large shield
Jewellery
 a - an uncursed ring of flight {unknown}
 b - a +4 ring of strength (left hand)
 l - a +3 ring of intelligence {unknown}
 n - a cursed +3 ring of intelligence {unknown}
 p - the ring "Cooreanone" (right hand) {rN+ Dex+2}
   (You found it on level 4 of the Dungeon)

   [ring of dexterity]

   It affects your dexterity (+2).
   It protects you from negative energy.
Wands
 x - a wand of flame (30)
Scrolls
 e - 2 scrolls of amnesia {unknown}
 i - 7 scrolls of teleportation {unknown}
 j - a scroll of fear {unknown}
 k - 2 scrolls of enchant weapon {unknown}
 m - 2 scrolls of magic mapping {unknown}
 o - a scroll of noise {unknown}
 q - 3 scrolls of remove curse {unknown}
 s - 3 scrolls of blinking {unknown}
 u - 4 scrolls of identify {unknown}
Potions
 f - a potion of agility {unknown}
 g - a potion of lignification
 r - a potion of curing
 z - a potion of haste {unknown}
Comestibles
 c - 8 rations


   Skills:
 + Level 7.1 Fighting
 + Level 7.9(9.2) Axes
   Level 7.2(8.8) Maces & Flails
 + Level 1.2 Throwing
 + Level 6.2 Armour
 + Level 3.3 Dodging
 + Level 0.8 Stealth


You had 7 spell levels left.
You didn't know any spells.
Your spell library was empty.

Dungeon Overview and Level Annotations

Branches:
Dungeon (6/15)
 Temple: D:4-7

Altars:
Ashenzari
Okawaru
Trog
Yredelemnul

Shops:
D:4 *


Innate Abilities, Weirdness & Mutations

You reflexively headbutt those who attack you in melee.
You have a pair of horns on your head.


Message History

The bolt of electricity misses you.
Unknown command.
You enter the shallow water.
Moving in this stuff is going to be slow.
The electric eel shoots out a bolt of lightning at you!
The bolt of electricity hits you!
The electric eel shoots out a bolt of lightning at you!
The bolt of electricity hits you.
Unknown command.
Unknown command.
Unknown command.
Unknown command.
The electric eel shoots out a bolt of lightning at you!
The bolt of electricity hits you!
* * * LOW HITPOINT WARNING * * *
You see here a ration.
You barely miss the electric eel. Your headbutt misses the electric eel.
The electric eel shoots out a bolt of lightning at you!
The bolt of electricity hits you!
You die...

≈≈≈≈≈≈≈ ≈≈≈≈
≈≈..... .≈≈. ≈≈≈≈≈≈
.≈≈≈ .≈ ♣≈.≈♣ .≈♣
.≈≈ ♣≈.≈♣ ≈≈≈♣
..≈♣♣♣≈.≈♣♣♣≈≈≈♣♣♣
..≈≈≈≈≈.≈≈;≈≈.≈≈≈≈
.≈≈≈......@.≈≈≈≈..
#..≈≈≈≈≈≈≈≈≈≈≈.≈≈≈≈
#.≈≈♣♣♣≈.≈♣♣♣≈.≈♣♣♣
#). ♣≈.≈♣ ≈.≈♣
#.≈≈♣♣♣≈)≈♣♣♣≈≈≈♣♣
#..≈≈≈≈≈)≈≈≈≈≈.≈≈≈
#..≈.≈...≈..≈≈.....
#.............#####
####.###..<.###


You could see an electric eel.

Vanquished Creatures
  Grinder (D:3)
  Duvessa (D:5)
  2 ice beasts
  A centaur (D:5)
  Dowan (D:5)
  2 scorpions (D:4)
  4 wights (D:3)
  2 howler monkeys
  An electric eel (D:6)
  A crimson imp (D:5)
  4 orc priests
  A jelly (D:5)
  An iguana (D:4)
  A centaur skeleton (D:5)
  5 worker ants
  Natasha (thrice) (D:4)
  6 orc wizards
  Terence (D:2)
  7 adders
  3 worms
  An adder skeleton (D:4)
  3 dart slugs
  A leopard gecko (D:4)
  21 orcs
  2 ball pythons
  5 giant cockroaches
  15 goblins
  11 hobgoblins
  5 jackals
  3 quokkas
  12 bats
  7 frilled lizards
  12 kobolds
  A leopard gecko skeleton (D:4)
  5 rats
152 creatures vanquished.

Notes
Turn   | Place    | Note
-------+----------+-------------------------------------------
     0 | D:1      | dengdeng the Minotaur Berserker began the quest for the
                  | Orb.
     0 | D:1      | Reached XP level 1. HP: 19/19 MP: 0/0
    82 | D:1      | Reached XP level 2. HP: 27/27 MP: 1/1
   268 | D:1      | Reached ** piety under Trog
   553 | D:2      | Reached XP level 3. HP: 28/33 MP: 2/2
   933 | D:2      | Noticed Terence
   942 | D:2      | Killed Terence
   942 | D:2      | Reached XP level 4. HP: 33/41 MP: 3/3
  1557 | D:2      | Found a bloodstained altar of Trog.
  1639 | D:3      | Reached skill level 5 in Maces & Flails
  1639 | D:3      | Reached XP level 5. HP: 34/47 MP: 4/4
  2061 | D:3      | Noticed Grinder
  2064 | D:3      | Reached XP level 6. HP: 55/55 MP: 5/5
  2064 | D:3      | Reached *** piety under Trog
  2065 | D:3      | Found an iron altar of Okawaru.
  2067 | D:3      | Paralysed by Grinder for 3 turns
  2072 | D:3      | Killed Grinder
  2072 | D:3      | Reached skill level 5 in Fighting
  2072 | D:3      | Reached skill level 1 in Axes
  2323 | D:3      | Reached XP level 7. HP: 52/61 MP: 6/6
  2924 | D:3      | Found a shattered altar of Ashenzari.
  3000 | D:4      | Noticed Natasha
  3005 | D:4      | Killed Natasha
  3005 | D:4      | Reached skill level 1 in Throwing
  3009 | D:4      | Noticed Natasha
  3013 | D:4      | Killed Natasha
  3069 | D:4      | Reached skill level 5 in Armour
  3076 | D:4      | Reached **** piety under Trog
  3335 | D:4      | Noticed Natasha
  3338 | D:4      | Killed Natasha
  3343 | D:4      | Found Ocivet's Assorted Antiques.
  3655 | D:4      | Reached XP level 8. HP: 70/70 MP: 7/7
  3659 | D:4      | Reached skill level 5 in Axes
  3670 | D:4      | Got a steaming lead ring
  3791 | D:4      | Identified the ring "Cooreanone" {rN+ Dex+2} (You found it
                  | on level 4 of the Dungeon)
  3978 | D:5      | Entered Level 5 of the Dungeon
  3978 | D:5      | Noticed Duvessa
  3978 | D:5      | Noticed Dowan
  3989 | D:5      | Killed Duvessa
  4233 | D:5      | Killed Dowan
  4276 | D:5      | Found a shattered altar of Ashenzari.
  4345 | D:5      | Found a basalt altar of Yredelemnul.
  5252 | D:6      | Killed from afar by an electric eel

Skill      XL: |  1  2  3  4  5  6  7  8 |
---------------+-------------------------+-----
Maces & Flails | 4 5 6 7 |  7.2
Fighting       | 4 5 6 7 |  7.1
Armour         | 3 4 5 6 |  6.2
Axes           | 1 4 7 |  7.9
Throwing       | 1 |  1.2
Dodging        | 3 |  3.3
Stealth        | |  0.8

Action                   |  1- 3 |  4- 6 |  7- 9 || total
-------------------------+-------+-------+-------++-------
Melee: Mace              |    69 |       |       ||    69
       Headbutt          |     6 |    11 |    17 ||    34
       Dire flail        |    10 |    48 |       ||    58
       Battleaxe         |       |    21 |   126 ||   147
Throw: Stone             |       |    19 |       ||    19
Invok: Berserk           |       |     1 |       ||     1
       Trog's Hand       |       |       |     1 ||     1
  Use: Potion            |       |       |     6 ||     6
  Eat: Chunk             |       |     5 |     6 ||    11
       Ration            |       |       |     1 ||     1
Armor: Animal skin       |    12 |       |       ||    12
       Ring mail         |    28 |       |       ||    28
       Scale mail        |       |    20 |    16 ||    36
       Chain mail        |       |       |    56 ||    56
       Skin              |       |       |     4 ||     4
Dodge: Dodged            |    62 |    48 |    58 ||   168
